 Dungeon Crawl Stone Soup version 0.31-a0-210-gccc998df9b (webtiles) character file.

Game seed: 17160296483571833650

128 qw the Shooter (level 5, -1/30 HPs)
             Began as a Gargoyle Hexslinger on June 30, 2023.
             Slain by a water moccasin (5 damage)
             ... on level 4 of the Dungeon.
             The game lasted 00:00:49 (2702 turns).

qw the Shooter (Gargoyle Hexslinger)                Turns: 2702, Time: 00:00:50

Health: -1/30      AC: 10    Str:  9 (12) XL:     5   Next: 11%
Magic:  6/6        EV: 10    Int: 20      God:
Gold:   829        SH:  0    Dex: 13 (14) Spells: 5/6 levels left

rFire   . . .        g - +0 sling "Ruhug" {elec, +Blink Int+7 Stlth+}
rCold   . . .        (no shield)
rNeg    + . .        l - +0 ring mail
rPois   inf          m - +0 helmet
rElec   +            (no cloak)
rCorr   .            (no gloves)
SInv    .            (no boots)
Will    .....        (no amulet)
Stlth   ++           (no ring)
HPRegen 0.25/turn    (no ring)
MPRegen 0.10/turn

%: no passive effects
@: about to teleport
A: sickness immunity, AC +4, negative energy resistance 1, electricity
resistance, torment resistance 1, petrification resistance
a: Evoke Blink


You were on level 4 of the Dungeon.
You visited 1 branch of the dungeon, and saw 4 of its levels.

You collected 829 gold pieces.


Innate Abilities, Weirdness & Mutations

You are immune to sickness and miasma.
Your stone body is resilient. (AC +4)
You are immune to poison.
You resist negative energy. (rN+)
You are resistant to electric shocks. (rElec)
You are resistant to unholy torment.
You are immune to petrification.


   Skills:
 - Level 2.0 Fighting
 + Level 4.7 Ranged Weapons
 - Level 1.0 Armour
 - Level 1.5 Dodging
 - Level 1.0 Spellcasting
 - Level 2.6 Hexes


You had 5 spell levels left.
You knew the following spells:

 Your Spells              Type           Power      Damage    Failure   Level
a - Slow                  Hex            44%        N/A       16%         1

Your spell library contained the following spells:

 Spells                   Type           Power      Damage    Failure   Level
 Inner Flame              Hex/Fire       6%         N/A       63%         3
 Portal Projectile        Hex/Tloc       12%        N/A       63%         3
 Cause Fear               Hex            5%         N/A       85%         4

Inventory:

Hand Weapons
 g - the +0 sling "Ruhug" (weapon) {elec, +Blink Int+7 Stlth+}
   (You found it on level 2 of the Dungeon)

   Int:       It affects your intelligence (+7).
   +Blink:    It lets you blink.
   Stlth:     It makes you more stealthy.
Armour
 l - a +0 ring mail (worn)
 m - a +0 helmet (worn)
Potions
 b - a potion of ambrosia {unknown}
 c - a potion of attraction {unknown}
 d - a potion of enlightenment {unknown}
 e - a potion of brilliance {unknown}
 h - a potion of magic {unknown}
 i - a potion of heal wounds
 k - a potion of berserk rage {unknown}
 n - a potion of curing {unknown}

Dungeon Overview and Level Annotations

Branches:
Dungeon (4/15)
 Temple: D:4-7

Altars:
Dithmenos
Hepliaklqana

Shops:
D:1 ?


Message History

You shoot a sling bullet.
The sling bullet misses the water moccasin.
The water moccasin bites you.
The water moccasin bites you but does no damage.
You shoot a sling bullet.
The sling bullet closely misses the water moccasin.
The water moccasin bites you.
You shoot a sling bullet.
The sling bullet closely misses the water moccasin.
The water moccasin completely misses you.
The water moccasin closely misses you.
You shoot a sling bullet.
The sling bullet misses the water moccasin.
The water moccasin bites you but does no damage.
The water moccasin misses you.
You shoot a sling bullet.
The sling bullet barely misses the water moccasin.
The water moccasin bites you but does no damage. x2
You shoot a sling bullet.
The sling bullet misses the water moccasin.
The water moccasin bites you but does no damage.
The water moccasin bites you.
You shoot a sling bullet.
The sling bullet hits the water moccasin.
The water moccasin is heavily wounded.
The water moccasin bites you but does no damage.
The water moccasin bites you.
You shoot a sling bullet.
The sling bullet hits the water moccasin.
The water moccasin is severely wounded.
The water moccasin bites you but does no damage.
The water moccasin barely misses you.
You shoot a sling bullet.
The sling bullet closely misses the water moccasin.
The water moccasin bites you! The water moccasin closely misses you.
2702 ||| READING scroll of teleportation.
As you read the scroll of teleportation, it crumbles to dust.
You feel strangely unstable. The water moccasin bites you.
You die...

############
#..........#
+..........#
#..........#######
#.#########'######......
......>@.#.......#.#####
......S#..######.#.#
.......#....# #.#
.......#..#.# #.#####
.......#..#.# #.#.#....
.......#..#.# #.#.#.###
.......#..#.# #.#.#.#
#+####.#..#.# #.#.#.#
#..#.# #.#.#.#


You could see a water moccasin.

Vanquished Creatures
  A hound (D:4)
  Jessica (D:2)
  2 adders (D:2)
  A worm (D:2)
  2 dart slugs
  2 orcs
  2 ball pythons (D:2)
  5 endoplasms (D:1)
  2 giant cockroaches
  3 goblins
  3 hobgoblins
  3 jackals (D:2)
  3 kobolds
  5 quokkas
  2 bats
  3 rats
  A spectral kobold (D:3)
41 creatures vanquished.

Notes
Turn   | Place    | Note
-------+----------+-------------------------------------------
     0 | D:1      | qw the Gargoyle Hexslinger began the quest for the Orb.
     0 | D:1      | Reached XP level 1. HP: 12/12 MP: 2/2
     0 | D:1      | 0 ||| qw: Version: 0.3-a-26-gee661ec
     0 | D:1      | 0 ||| qw: Game counter: 7161
     0 | D:1      | 0 ||| qw: Melee chars always use a shield: true
     0 | D:1      | 0 ||| qw: God list: Okawaru
     0 | D:1      | 0 ||| qw: Allow faded altars: false
     0 | D:1      | 0 ||| qw: Do Orc after clearing Dungeon:15 true
     0 | D:1      | 0 ||| qw: Do second Lair branch before Depths: true
     0 | D:1      | 0 ||| qw: Lair rune preference: random
     0 | D:1      | 0 ||| qw: Goals: Normal
     0 | D:1      | 0 ||| PLANNING D:1-11
   191 | D:1      | Reached XP level 2. HP: 16/16 MP: 3/3
   294 | D:1      | Reached skill level 3 in Ranged Weapons
   320 | D:1      | Found The Oracle's Delphic Readings.
   327 | D:1      | 327 ||| SHOPLISTING scroll of identify (20 gold, have 0).
   563 | D:1      | Reached XP level 3. HP: 21/21 MP: 4/4
   587 | D:1      | 587 ||| UPGRADING to +0 ring mail.
   597 | D:1      | 597 ||| DROPPING +0 robe.
   598 | D:1      | 598 ||| DROPPING ring of wizardry.
   599 | D:1      | 599 ||| READING 2 scrolls labelled MUF CE CYUHUE.
   603 | D:1      | 603 ||| READING scroll labelled ZINKET TATINU.
   604 | D:1      | 604 ||| READING scroll labelled FAUKLIVOBA.
   604 | D:1      | Identified a scroll of acquirement
   604 | D:1      | 604 ||| ACQUIRING 724 gold pieces
   604 | D:1      | Acquired 724 gold pieces
   606 | D:1      | 606 ||| DRINKING 2 lumpy red potions.
   641 | D:1      | 641 ||| DROPPING scroll of poison.
   642 | D:1      | 642 ||| DROPPING potion of lignification.
   923 | D:2      | Noticed Jessica
   936 | D:2      | Killed Jessica
   937 | D:2      | Reached XP level 4. HP: 10/26 MP: 5/5
  1107 | D:2      | Reached skill level 4 in Ranged Weapons
  1195 | D:2      | Identified the +0 sling "Ruhug" {elec, +Blink Int+7 Stlth+}
  1197 | D:2      | 1197 ||| SWAPPING to +0 sling "Ruhug" {elec, +Blink Int+7
                  | Stlth+}.
  1198 | D:2      | 1198 ||| DROPPING +1 sling.
  1608 | D:2      | 1608 ||| DRINKING 2 red potions.
  1683 | D:3      | Reached skill level 1 in Armour
  2144 | D:3      | Found a hazy altar of Hepliaklqana.
  2377 | D:3      | Found a shadowy altar of Dithmenos.
  2418 | D:3      | 2418 ||| UPGRADING to +0 helmet.
  2423 | D:3      | 2423 ||| READING scroll labelled IFUBOA MISSOA.
  2424 | D:3      | 2424 ||| READING scroll labelled LEUSSO ATWOMA.
  2425 | D:3      | 2425 ||| DRINKING 2 blue potions.
  2426 | D:3      | 2426 ||| DROPPING potion of degeneration.
  2663 | D:4      | Reached XP level 5. HP: 24/30 MP: 6/6
  2687 | D:4      | Noticed a water moccasin
  2701 | D:4      | HP: 4/30 [water moccasin (8)]
  2702 | D:4      | 2702 ||| READING scroll of teleportation.
  2702 | D:4      | Slain by a water moccasin

Levels and vault maps discovered:
D:1:      saegor_arrival_under_anarchy, layout_basic,
          nicolae_nh_oracle_at_delphi
D:2:      layout_loops_corners, minmay_fractal_squares_5, uniq_jessica
D:3:      layout_loops_corners, nicolae_hepliaklqana_monster_ancestors,
          nicolae_dithmenos_through_a_glass_darkly, nicolae_figureground_pulse
D:4:      layout_basic

Skill      XL: |  1  2  3  4 |
---------------+-------------+-----
Ranged Weapons | 3 4 |  4.7
Fighting       | 2 |  2.0
Armour         | 1 |  1.0
Dodging        | |  1.5
Spellcasting   | |  1.0
Hexes          | |  2.6

Action                     |  1- 3 |  4- 6 || total
---------------------------+-------+-------++-------
   Fire: Sling             |    92 |    77 ||   169
    Use: Scroll            |     3 |     3 ||     6
         Potion            |     1 |     2 ||     3
 Armour: Robe              |     8 |       ||     8
         Ring mail         |     7 |    43 ||    50
  Dodge: Dodged            |    22 |    37 ||    59

Table legend:
 A = Non-vault XP
 B = Vault XP
 C = Vault XP percentage of total XP
 D = Non-vault monster count
 E = Vault monster count
 F = Vault count percentage of total count
                 A         B        C        D         E       F
            +---------+---------+-------+---------+---------+-------
      Total |     110 |      73 |  39.9 |      32 |       9 |  22.0
            +---------+---------+-------+---------+---------+-------
        D:1 |      31 |       3 |   8.8 |      16 |       2 |  11.1
        D:2 |      20 |      67 |  77.0 |       9 |       5 |  35.7
        D:3 |       9 |       3 |  25.0 |       4 |       2 |  33.3
        D:4 |      50 |       0 |   0.0 |       3 |       0 |   0.0
            +---------+---------+-------+---------+---------+-------
